[Event "Titled Tuesday Blitz June 20 Early 2023"]
[White "Itkis, Boris"]
[Black "Garcia Blanco, Omar"]
[WhiteFideId "1209167"]
[BlackFideId "2287153"]
[WhiteElo "2219"]
[BlackElo "2356"]
[Result "0-1"]
[Round "7"]
[TimeControl "180+2"]
[Date "2023.06.20"]
[WhiteClock "0:00:09"]
[BlackClock "0:00:03"]
[Board "107"]

1. c4 e6 2. Nf3 d5 3. e3 Nf6 4. b3 Bd6 5. Bb2 O-O 6. g3 b6 7. Bg2 Bb7 8. O-O Nbd7 9. d3 c6 10. Nbd2 a5 11. e4 dxe4 12. dxe4 e5 13. Nh4 g6 14. Qc2 Qe7 15. Rad1 Nc5 16. Rfe1 Ne6 17. Nhf3 Nd7 18. Nf1 Rfd8 19. Ne3 f6 20. Bh3 Ndf8 21. Kg2 Bc5 22. Ng4 h5 23. Nxf6+ Qxf6 24. Nxe5 Bd4 25. f4 c5 26. Kh1 g5 27. Bxd4 Nxd4 28. Qf2 Re8 29. Kg1 Rad8 30. Bg2 Nfe6 31. Nd3 gxf4 32. gxf4 Rf8 33. e5 Qg6 34. Re3 Kh7 35. Rg3 Qf7 36. Bxb7 Qxb7 37. Qf1 Qf7 38. Qh3 Rg8 39. Kf2 Nf5 40. Rdg1 Nxg3 41. hxg3 Rxd3 42. Ke2 Nxf4+ 43. gxf4 Rxh3 0-1


[Site "https://www.chess.com"]

[Event "Titled Tuesday Blitz June 20 Early 2023"]
[White "Adla, Diego"]
[Black "Herzog2012"]
[WhiteFideId "100072"]
[WhiteElo "2377"]
[BlackElo "2429"]
[Result "0-1"]
[Round "7"]
[TimeControl "180+2"]
[Date "2023.06.20"]
[WhiteClock "0:00:01"]
[BlackClock "0:00:03"]
[Board "108"]

1. c4 e5 2. Nc3 Nf6 3. Nf3 Nc6 4. e4 Bb4 5. d3 O-O 6. Be2 d6 7. O-O h6 8. Ne1 Nd4 9. Nc2 Bc5 10. Nxd4 Bxd4 11. Kh1 Nd7 12. f4 exf4 13. Bxf4 Nc5 14. Qe1 f5 15. Qg3 Kh7 16. Bh5 g5 17. Bd2 f4 18. Bxf4 Be6 19. Bd2 Qe7 20. Rae1 Qg7 21. Bg4 Bxg4 22. Qxg4 Nxd3 23. e5 Nxe1 24. Rxe1 Bxe5 25. h3 Rae8 26. Nd5 Qf7 27. Qe4+ Kg7 28. Ne3 Qf4 29. Qxf4 Bxf4 30. Kg1 Bxe3+ 31. Bxe3 Re7 32. Bd4+ Kf7 33. Rd1 b6 34. b4 Rfe8 35. Kf2 Re4 36. c5 Rf4+ 37. Kg3 bxc5 38. bxc5 dxc5 39. Bxc5 Rc4 40. Bxa7 Ra8 41. Bg1 Rxa2 42. Rd7+ Kg6 43. Bd4 Rcc2 44. Kf3 Rxg2 45. Rxc7 Kh5 46. Rc6 Rh2 47. Kg3 Rag2+ 48. Kf3 Rd2 49. Kg3 Rxh3+ 50. Kxh3 Rxd4 51. Kg3 Rd3+ 52. Kf2 Rd8 53. Kg3 Rg8 54. Rb6 Rg6 55. Rb4 Rf6 56. Rb8 Kg6 57. Rg8+ Kh7 58. Rb8 h5 59. Rb5 Kg6 60. Rb3 h4+ 61. Kg4 Rf4+ 62. Kh3 Kh5 63. Rb5 Rf3+ 64. Kg2 Kg4 65. Ra5 Rf4 66. Rb5 Rc4 67. Rb2 Kf4 68. Rf2+ Kg4 69. Rb2 h3+ 70. Kh2 Kh4 71. Rb8 Rc2+ 72. Kg1 g4 73. Rb3 g3 74. Rb1 h2+ 75. Kh1 Kh3 76. Rb3 Rc1# 0-1


[Site "https://www.chess.com"]

[Event "Titled Tuesday Blitz June 20 Early 2023"]
[White "Hajiyev, Kanan"]
[Black "Gomes, Luiz Alexandre de Souza"]
[WhiteFideId "13404148"]
[BlackFideId "2102790"]
[WhiteElo "2115"]
[BlackElo "2428"]
[Result "1-0"]
[Round "7"]
[TimeControl "180+2"]
[Date "2023.06.20"]
[WhiteClock "0:00:07"]
[BlackClock "0:00:00"]
[Board "109"]

1. d4 Nf6 2. Nf3 g6 3. b3 Bg7 4. Bb2 O-O 5. g3 d5 6. Bg2 c6 7. O-O Bf5 8. c4 Nbd7 9. Nc3 Ne4 10. Nxe4 Bxe4 11. e3 e6 12. Bh3 Bxf3 13. Qxf3 Nf6 14. Rfe1 Ne4 15. Bg2 a5 16. Qe2 f5 17. f3 Nd6 18. Rad1 a4 19. e4 fxe4 20. fxe4 axb3 21. axb3 dxc4 22. e5 Nf5 23. bxc4 Bh6 24. Qe4 Ra2 25. Bc3 Qb6 26. Rb1 Qa6 27. d5 cxd5 28. cxd5 Qa7+ 29. Kh1 Ne3 30. Bd4 Nxg2 31. Bxa7 Nxe1 32. Rxe1 Rxa7 33. dxe6 Bg7 34. e7 Re8 35. Qd5+ Kh8 36. Qd7 Raa8 37. Qxb7 Rab8 38. Qd7 h6 39. h4 h5 40. Kg2 Kg8 41. Kh3 Kh7 42. Re4 Ra8 43. e6 Bf6 44. Rf4 Rxe7 45. Qd5 Rf8 46. Qd6 Kg7 47. Re4 Rfe8 48. Qd5 Kg8 49. Re2 Kg7 50. Re4 Kg8 51. Qc4 Kg7 52. Qe2 Kg8 53. g4 hxg4+ 54. Kxg4 Rg7 55. Kh3 Ree7 56. Qg4 Kh7 57. Kg2 Kg8 58. Re2 Kh7 59. Kf3 g5 60. h5 Kh6 61. Qf5 Ra7 62. Kg4 Ra4+ 63. Re4 Rxe4+ 64. Qxe4 Be7 65. Qf5 Bd6 66. Qd5 Be7 67. Qc6 Bf6 68. e7 1-0


[Site "https://www.chess.com"]

[Event "Titled Tuesday Blitz June 20 Early 2023"]
[White "Moksh Amit Doshi"]
[Black "Suarez Uriel, Adrian"]
[WhiteFideId "25064967"]
[BlackFideId "22230874"]
[WhiteElo "2297"]
[BlackElo "2331"]
[Result "1-0"]
[Round "7"]
[TimeControl "180+2"]
[Date "2023.06.20"]
[WhiteClock "0:00:36"]
[BlackClock "0:00:00"]
[Board "110"]

1. d4 Nf6 2. Nf3 g6 3. c4 Bg7 4. Nc3 d5 5. cxd5 Nxd5 6. e4 Nxc3 7. bxc3 c5 8. Rb1 O-O 9. Be2 b6 10. O-O Qc7 11. d5 Bxc3 12. h4 Bg4 13. e5 Nd7 14. Bf4 Bxf3 15. Bxf3 Bxe5 16. d6 exd6 17. Bxa8 Rxa8 18. Bh6 Bg7 19. Bf4 Be5 20. Bh6 Nf6 21. Qf3 Rd8 22. Rfe1 Nh5 23. Rbd1 Bg7 24. Bg5 f6 25. Bc1 f5 26. Qd5+ Qf7 27. Qc6 d5 28. Bg5 Bf6 29. Re6 Bxg5 30. hxg5 Nf4 31. Re5 d4 32. Rde1 Nd5 33. Re8+ Rxe8 34. Rxe8+ Kg7 35. Rd8 Nb4 36. Qc8 d3 37. Rd7 a5 38. a3 1-0


[Site "https://www.chess.com"]

[Event "Titled Tuesday Blitz June 20 Early 2023"]
[White "Girya, Olga"]
[Black "Ai, Evan"]
[WhiteFideId "4195752"]
[BlackFideId "2094770"]
[WhiteElo "2263"]
[BlackElo "1963"]
[Result "1-0"]
[Round "7"]
[TimeControl "180+2"]
[Date "2023.06.20"]
[WhiteClock "0:02:44"]
[BlackClock "0:02:50"]
[Board "111"]

1. d4 Nf6 2. Nf3 e6 3. c4 b6 4. g3 Bb7 5. Bg2 Be7 6. O-O O-O 7. Nc3 Ne4 8. Bd2 Nxc3 9. Bxc3 f5 10. d5 Bf6 11. Nd4 Qe7 12. d6 Bxg2 13. dxe7 1-0


[Site "https://www.chess.com"]

[Event "Titled Tuesday Blitz June 20 Early 2023"]
[White "Nikologorsky, Matfei"]
[Black "Sebag, Marie"]
[WhiteFideId "24102474"]
[BlackFideId "617822"]
[WhiteElo "2153"]
[BlackElo "2431"]
[Result "0-1"]
[Round "7"]
[TimeControl "180+2"]
[Date "2023.06.20"]
[WhiteClock "0:00:21"]
[BlackClock "0:00:27"]
[Board "112"]

1. e4 e5 2. Nf3 Nc6 3. Bb5 Nf6 4. O-O Nxe4 5. d4 Nd6 6. dxe5 Nxb5 7. a4 Nbd4 8. Nxd4 Nxd4 9. Qxd4 d5 10. exd6 Qxd6 11. Qe3+ Qe6 12. Qg3 h5 13. Qxc7 Bd6 14. Qc3 O-O 15. Nd2 Bd7 16. Nf3 Rac8 17. Qd3 Bc6 18. Re1 Qd7 19. Rd1 Rfd8 20. Bg5 f6 21. Be3 Bxf3 22. gxf3 Qh3 23. Qd5+ Kh7 24. f4 f5 25. c3 Bxf4 26. Qg2 Qh4 27. Rd4 Rxd4 28. Bxd4 Bh6 29. Re1 Rc6 30. Kh1 Rg6 31. Qf3 Bf4 32. h3 Bg3 33. Bf6 Qxh3+ 34. Kg1 Bh2+ 35. Kh1 Qxf3+ 36. Kxh2 Qg2# 0-1


[Site "https://www.chess.com"]

[Event "Titled Tuesday Blitz June 20 Early 2023"]
[White "Trifan, Andrei Ioan"]
[Black "Fiedorek, Michal"]
[WhiteFideId "12967068"]
[BlackFideId "1199528"]
[WhiteElo "2208"]
[BlackElo "2135"]
[Result "0-1"]
[Round "7"]
[TimeControl "180+2"]
[Date "2023.06.20"]
[WhiteClock "0:01:02"]
[BlackClock "0:00:11"]
[Board "113"]

1. Nf3 Nf6 2. b3 c5 3. Bb2 e6 4. e3 Be7 5. d4 O-O 6. Be2 cxd4 7. Nxd4 Nc6 8. O-O d5 9. c4 Nxd4 10. Bxd4 b6 11. Nc3 Bb7 12. Qd2 dxc4 13. Rfd1 cxb3 14. axb3 Qc7 15. Rac1 Qd6 16. Qb2 Qa3 17. Qb1 Rac8 18. Nb5 Rxc1 19. Rxc1 Qb4 20. Rc7 Be4 21. Qa1 a6 22. Bc3 Qxb3 23. Bc4 Qc2 24. Nd4 Qb1+ 25. Qxb1 Bxb1 26. Rxe7 Ne4 27. Be1 Rc8 28. Re8+ Rxe8 0-1


[Site "https://www.chess.com"]

[Event "Titled Tuesday Blitz June 20 Early 2023"]
[White "Zia, Tahsin Tajwar"]
[Black "Krutko, Anatoly"]
[WhiteFideId "10211888"]
[BlackFideId "4185862"]
[WhiteElo "2062"]
[BlackElo "2378"]
[Result "0-1"]
[Round "7"]
[TimeControl "180+2"]
[Date "2023.06.20"]
[WhiteClock "0:00:50"]
[BlackClock "0:01:26"]
[Board "114"]

1. d4 Nf6 2. c4 g6 3. Nc3 Bg7 4. e4 O-O 5. Be2 d6 6. h4 Na6 7. h5 c5 8. d5 e6 9. Bg5 h6 10. Be3 g5 11. f4 gxf4 12. Bxf4 exd5 13. cxd5 Re8 14. Bf3 Bf5 15. Qe2 Qa5 16. Kf2 Bh7 17. Bd2 Qb6 18. Rh4 Nb4 19. Qc4 Nc2 20. Rc1 Nd4 21. Na4 Qd8 22. g3 b5 0-1


[Site "https://www.chess.com"]

[Event "Titled Tuesday Blitz June 20 Early 2023"]
[White "Mamedov, Edgar"]
[Black "Kotepalli, Sai Nirupama"]
[WhiteFideId "13739980"]
[BlackFideId "5039444"]
[WhiteElo "2317"]
[BlackElo "2405"]
[Result "1-0"]
[Round "7"]
[TimeControl "180+2"]
[Date "2023.06.20"]
[WhiteClock "0:02:37"]
[BlackClock "0:01:38"]
[Board "115"]

1. d4 g6 2. Nf3 Bg7 3. Bf4 d6 4. e3 Nd7 5. h3 Ngf6 6. Be2 c5 7. c3 O-O 8. O-O Qb6 9. Qb3 Qxb3 10. axb3 Nb6 11. Nbd2 Nfd5 12. Bh2 Rd8 13. e4 Nf6 14. dxc5 1-0


[Site "https://www.chess.com"]

[Event "Titled Tuesday Blitz June 20 Early 2023"]
[White "Aloma Vidal, Robert"]
[Black "Ritvin, Stanislav"]
[WhiteFideId "2260409"]
[BlackFideId "2011751"]
[WhiteElo "2435"]
[BlackElo "2391"]
[Result "1-0"]
[Round "7"]
[TimeControl "180+2"]
[Date "2023.06.20"]
[WhiteClock "0:00:39"]
[BlackClock "0:00:46"]
[Board "116"]

1. e4 e5 2. Nf3 Nc6 3. Bc4 Bc5 4. b4 Bxb4 5. c3 Ba5 6. d4 d6 7. Qb3 Qd7 8. O-O Bb6 9. Nbd2 Na5 10. Qc2 Nxc4 11. Nxc4 f6 12. a4 Qf7 13. Qb3 Be6 14. d5 Bc8 15. Ba3 Qe7 16. Rfd1 Nh6 17. a5 Bc5 18. Bxc5 dxc5 19. d6 cxd6 20. Nxd6+ Kf8 21. Qb5 Bg4 22. Nxb7 g6 23. Nxc5 Kg7 24. h3 Rhb8 25. Qc6 Rc8 26. Qa4 Qxc5 27. hxg4 Nxg4 28. Qd7+ Kh8 29. Qxg4 Qxc3 30. Qe6 Rc6 31. Qf7 Rac8 32. Rd7 1-0


[Site "https://www.chess.com"]

[Event "Titled Tuesday Blitz June 20 Early 2023"]
[White "Karamsetty, Jeevan"]
[Black "Topalov, Aleksandar"]
[WhiteFideId "2025337"]
[BlackFideId "925659"]
[WhiteElo "2131"]
[BlackElo "2151"]
[Result "0-1"]
[Round "7"]
[TimeControl "180+2"]
[Date "2023.06.20"]
[WhiteClock "0:00:10"]
[BlackClock "0:00:05"]
[Board "117"]

1. d4 Nf6 2. c4 c5 3. e3 g6 4. Nc3 Bg7 5. Nf3 O-O 6. Be2 d6 7. O-O Bf5 8. b3 Ne4 9. Bb2 Nxc3 10. Bxc3 Nc6 11. Rc1 Bg4 12. d5 Bxf3 13. Bxf3 Ne5 14. Be2 a6 15. f4 Nd7 16. e4 Bxc3 17. Rxc3 Qa5 18. Rh3 Qxa2 19. Qe1 Qb2 20. Qh4 Nf6 21. e5 Qd4+ 22. Qf2 dxe5 23. fxe5 Qxe5 24. Re3 Qd6 25. Qh4 Kg7 26. Rh3 h5 27. Qg5 Rh8 28. Re3 b5 29. h3 bxc4 30. bxc4 a5 31. Re1 a4 32. Bd1 a3 33. Rxe7 a2 34. R1e6 Qxe6 35. dxe6 Rhf8 36. Kh2 a1=Q 37. Bf3 Rae8 38. Qxc5 Rxe7 39. Qxe7 Qe5+ 40. Kh1 g5 41. Bd5 g4 42. h4 Qe1+ 43. Kh2 g3+ 44. Kh3 Qe5 45. Qb7 Qf5+ 46. Kxg3 Qg4+ 47. Kh2 Qxh4+ 48. Kg1 Ng4 49. Qb2+ Kg8 50. exf7+ Rxf7 51. Bxf7+ Kxf7 52. Qb7+ Kg6 53. Qe4+ Kh6 54. Qe6+ Kg7 55. Qd7+ Kg6 56. Qe6+ Qf6 57. Qe4+ Qf5 58. Qc6+ Kg5 59. Qd5 Qxd5 60. cxd5 Kf5 61. d6 Ke6 62. d7 Kxd7 63. g3 Ke6 64. Kg2 Kf5 65. Kh3 Kg5 66. Kg2 Nf6 67. Kh3 Kf5 68. Kh4 Ke4 69. Kg5 Kf3 70. Kh4 Kg2 71. g4 hxg4 72. Kg5 g3 73. Kxf6 Kf2 74. Kf5 g2 75. Kg4 g1=Q+ 76. Kh3 Qg3# 0-1


[Site "https://www.chess.com"]

[Event "Titled Tuesday Blitz June 20 Early 2023"]
[White "chess123456s"]
[Black "Melikhov, Evgeny V."]
[BlackFideId "4122046"]
[WhiteElo "2527"]
[BlackElo "2158"]
[Result "1/2-1/2"]
[Round "7"]
[TimeControl "180+2"]
[Date "2023.06.20"]
[WhiteClock "0:00:26"]
[BlackClock "0:00:20"]
[Board "118"]

1. e4 e5 2. Nf3 Nc6 3. Bb5 a6 4. Ba4 Nf6 5. d3 b5 6. Bb3 Be7 7. a4 Rb8 8. axb5 axb5 9. Nc3 d6 10. Nd5 O-O 11. c3 Be6 12. O-O Qd7 13. Ra6 Bxd5 14. exd5 Nd8 15. Be3 Ng4 16. Qe2 Nxe3 17. fxe3 f6 18. Rfa1 Nf7 19. e4 g6 20. Ra7 Rfc8 21. Bc2 Bf8 22. Nd2 Bh6 23. b4 Bxd2 24. Qxd2 Kg7 25. Qf2 Qg4 26. Rf1 f5 27. exf5 gxf5 28. Qxf5 Qxf5 29. Rxf5 Ra8 30. Rxa8 Rxa8 31. d4 Ra2 32. Rf2 exd4 33. cxd4 Rb2 34. Bf5 Rxb4 35. Be6 Ng5 36. Rc2 Nxe6 37. dxe6 Rc4 38. Re2 Kf8 39. Re4 Ke7 40. Kf2 c5 41. Rh4 Rxd4 42. Rxh7+ Kxe6 43. Rb7 b4 44. Kf3 Kd5 45. g4 Kc6 46. Rb8 Kc7 47. Rb5 Kc6 48. Rb8 Kc7 49. Rb5 Kc6 50. Rb8 1/2-1/2


[Site "https://www.chess.com"]

[Event "Titled Tuesday Blitz June 20 Early 2023"]
[White "Pavlidou, Ekaterini"]
[Black "Kochiev, Ivan"]
[WhiteFideId "4213262"]
[BlackFideId "2917890"]
[WhiteElo "2126"]
[BlackElo "2287"]
[Result "1-0"]
[Round "7"]
[TimeControl "180+2"]
[Date "2023.06.20"]
[WhiteClock "0:00:43"]
[BlackClock "0:00:00"]
[Board "120"]

1. d4 Nf6 2. c4 e6 3. Nc3 c5 4. d5 exd5 5. cxd5 d6 6. h3 g6 7. Bf4 a6 8. a4 Qe7 9. e3 Bg7 10. Be2 O-O 11. Nf3 Nbd7 12. O-O Ne8 13. Nd2 Ne5 14. Bh2 f5 15. f4 Nd3 16. Nc4 Nxb2 17. Qc1 Nxc4 18. Bxc4 Nc7 19. Kh1 Rb8 20. a5 Nb5 21. Nxb5 axb5 22. Bxb5 Bxa1 23. Qxa1 Bd7 24. Bc4 b5 25. axb6 Rxb6 26. Bg1 Rfb8 27. Re1 Bb5 28. Bxb5 Rxb5 29. e4 fxe4 30. f5 Rb2 31. Be3 gxf5 32. Qa6 Qg7 33. Qf1 Rf8 34. Bf4 Rf6 35. Re3 Rg6 36. g4 Ra2 37. gxf5 Ra1 38. Re1 Rxe1 39. Qxe1 Rf6 40. Qxe4 Qf7 41. Qg2+ Kf8 42. Qg3 Qxd5+ 43. Kh2 Qxf5 44. Bxd6+ Kf7 45. Qb3+ 1-0


[Site "https://www.chess.com"]

[Event "Titled Tuesday Blitz June 20 Early 2023"]
[White "Kuznetsova, Olga"]
[Black "Skaric, Djuro"]
[WhiteFideId "4191323"]
[BlackFideId "934569"]
[WhiteElo "2134"]
[BlackElo "2282"]
[Result "0-1"]
[Round "7"]
[TimeControl "180+2"]
[Date "2023.06.20"]
[WhiteClock "0:00:11"]
[BlackClock "0:00:43"]
[Board "121"]

1. d4 d6 2. c4 g6 3. Nc3 Bg7 4. e4 Nf6 5. Nf3 O-O 6. h3 Nc6 7. Be3 e5 8. dxe5 dxe5 9. Be2 h6 10. a3 Be6 11. b4 Nd7 12. c5 f5 13. Qc2 f4 14. Bc1 Nd4 15. Qd1 Bb3 16. Nxd4 Bxd1 17. Bc4+ Kh7 18. Ne6 Qc8 19. Nxf8+ Nxf8 20. Nxd1 c6 21. Nc3 a5 22. Bb2 axb4 23. axb4 Rxa1+ 24. Bxa1 Qd7 25. O-O Qd4 26. Be2 Qxb4 27. Rb1 Qxc5 28. Rxb7 Qd4 29. Bb2 h5 30. Nd5 Qd2 31. Bxe5 cxd5 32. Bxg7 Qxe2 33. Bxf8+ Kg8 34. Bh6 Qxe4 35. Rg7+ Kh8 36. Rf7 Qe1+ 37. Kh2 Qxf2 38. Rxf4 Qc5 39. Rf6 Kh7 40. Bf4 Qe7 41. Rd6 Qe4 42. g3 d4 43. h4 d3 44. Kg1 Qe2 45. Rd7+ Kg8 46. Rd6 Kf7 47. Rd7+ Kf6 48. Rd5 Qe4 49. Rd6+ Kf7 50. Kh2 Qf3 51. Kh3 Ke7 52. Kh2 Qxf4 53. gxf4 Kxd6 54. Kg3 d2 0-1


[Site "https://www.chess.com"]

[Event "Titled Tuesday Blitz June 20 Early 2023"]
[White "Mazarini41"]
[Black "Bueno, Alfeu Junior Varela"]
[BlackFideId "2108879"]
[WhiteElo "2512"]
[BlackElo "2175"]
[Result "1-0"]
[Round "7"]
[TimeControl "180+2"]
[Date "2023.06.20"]
[WhiteClock "0:00:43"]
[BlackClock "0:00:05"]
[Board "122"]

1. g4 e5 2. Bg2 Nc6 3. c4 Bc5 4. Nc3 a6 5. d3 d6 6. g5 Bg4 7. h4 Nge7 8. h5 Qd7 9. h6 g6 10. Ne4 Bb4+ 11. Kf1 Ng8 12. Qa4 Ba5 13. b4 Bb6 14. c5 dxc5 15. bxc5 Ba7 16. Rb1 O-O-O 17. Nf3 Be6 18. Bb2 Qe7 19. Nxe5 Bd5 20. Nc4 f6 21. gxf6 Qe6 22. Bh3 1-0


[Site "https://www.chess.com"]

[Event "Titled Tuesday Blitz June 20 Early 2023"]
[White "Czerw, Dawid"]
[Black "Ziatdinov, Raset"]
[WhiteFideId "1145746"]
[BlackFideId "2015323"]
[WhiteElo "2144"]
[BlackElo "2220"]
[Result "1-0"]
[Round "7"]
[TimeControl "180+2"]
[Date "2023.06.20"]
[WhiteClock "0:01:21"]
[BlackClock "0:01:05"]
[Board "123"]

1. e4 c5 2. Nf3 Nc6 3. d4 cxd4 4. Nxd4 e5 5. Nb5 d6 6. N1c3 a6 7. Na3 b5 8. Nd5 Nge7 9. c4 Nd4 10. g3 Nxd5 11. exd5 Be7 12. Bg2 O-O 13. O-O Bg5 14. f4 Bh6 15. fxe5 Bxc1 16. Rxc1 dxe5 17. c5 Bf5 18. Nb1 Rc8 19. b4 a5 20. a3 axb4 21. axb4 Qg5 22. Nc3 Qe3+ 23. Kh1 Bg6 24. d6 e4 25. Nd5 Qd3 26. Qxd3 exd3 27. Ne7+ Kh8 28. Nxc8 Rxc8 29. d7 Rd8 30. c6 d2 31. c7 1-0


[Site "https://www.chess.com"]

[Event "Titled Tuesday Blitz June 20 Early 2023"]
[White "Horak, Martin"]
[Black "Rodriguez Polo, Mateo"]
[WhiteFideId "367095"]
[BlackFideId "24509396"]
[WhiteElo "2091"]
[BlackElo "2117"]
[Result "1/2-1/2"]
[Round "7"]
[TimeControl "180+2"]
[Date "2023.06.20"]
[WhiteClock "0:00:03"]
[BlackClock "0:00:06"]
[Board "124"]

1. e4 e5 2. Nc3 Nf6 3. Bc4 Nxe4 4. Qh5 Nd6 5. Qxe5+ Qe7 6. Qxe7+ Bxe7 7. Be2 Nf5 8. Nf3 c6 9. g4 Nh4 10. Nxh4 Bxh4 11. Ne4 Be7 12. d4 d5 13. Ng3 g6 14. h4 Bf6 15. c3 Nd7 16. Bh6 Nf8 17. Kd2 Be6 18. f4 O-O-O 19. Raf1 Be7 20. f5 Bd7 21. fxg6 fxg6 22. h5 Bd6 23. Bf4 Bxf4+ 24. Rxf4 Ne6 25. Rf7 Ng5 26. Rg7 Ne6 27. Re7 Nf4 28. Bd1 gxh5 29. Nxh5 Nxh5 30. Rxh5 Rdg8 31. g5 Kd8 32. Rhxh7 Rxh7 33. Rxh7 Rxg5 34. Rh2 Bf5 35. Ke3 Be4 36. Kf4 Rg1 37. Bg4 Ra1 38. Ke5 Kc7 39. a3 Rc1 40. Rf2 Kb6 41. Bc8 Kc7 42. Be6 b5 43. Rf7+ Kb6 44. Kd6 Rc2 45. Rc7 Rxb2 46. Rxc6+ Ka5 47. Bxd5 Bxd5 48. Kxd5 Rb3 49. Ke6 Rxa3 50. d5 b4 51. cxb4+ Kxb4 52. d6 Rd3 53. d7 Rxd7 54. Kxd7 a5 55. Kd6 a4 56. Kd5 a3 57. Kd4 Kb3 58. Rb6+ Kc2 59. Ra6 Kb2 60. Kd3 a2 61. Rb6+ Kc1 62. Ra6 Kb1 63. Rb6+ Kc1 64. Ra6 Kb1 65. Rxa2 Kxa2 1/2-1/2


[Site "https://www.chess.com"]

[Event "Titled Tuesday Blitz June 20 Early 2023"]
[White "Bilan, Danila"]
[Black "Rosh Jain"]
[WhiteFideId "24161918"]
[BlackFideId "25789465"]
[WhiteElo "2146"]
[BlackElo "2233"]
[Result "0-1"]
[Round "7"]
[TimeControl "180+2"]
[Date "2023.06.20"]
[WhiteClock "0:00:03"]
[BlackClock "0:00:47"]
[Board "125"]

1. d4 Nf6 2. Nf3 e6 3. g3 d5 4. Bg2 Be7 5. O-O O-O 6. c4 b6 7. Nc3 Bb7 8. Ne5 c5 9. cxd5 exd5 10. Bf4 Nc6 11. Nxc6 Bxc6 12. Rc1 Rc8 13. Qd2 cxd4 14. Qxd4 Bc5 15. Qd2 d4 16. Nb1 Bxg2 17. Kxg2 Qd5+ 18. Kg1 Qxa2 19. Rc2 Qd5 20. Rfc1 a5 21. Qd3 Ne4 22. f3 Nf6 23. Nd2 Rcd8 24. Nc4 Rfe8 25. Bc7 Rd7 26. Bxb6 Rde7 27. Bxa5 Rxe2 28. Rxe2 Rxe2 29. b4 Qh5 30. Qxe2 d3+ 31. Qf2 Bxf2+ 32. Kxf2 Qxh2+ 33. Ke3 Qe2+ 34. Kd4 d2 35. Rb1 d1=Q+ 36. Rxd1 Qxd1+ 37. Kc5 Qxf3 38. Bc7 Qd5+ 0-1


[Site "https://www.chess.com"]

[Event "Titled Tuesday Blitz June 20 Early 2023"]
[White "Starozhilov, Leonid"]
[Black "Manukian, Artak"]
[WhiteFideId "14106752"]
[BlackFideId "13301373"]
[WhiteElo "2352"]
[BlackElo "2130"]
[Result "1-0"]
[Round "7"]
[TimeControl "180+2"]
[Date "2023.06.20"]
[WhiteClock "0:00:04"]
[BlackClock "0:00:30"]
[Board "126"]

1. e4 c6 2. d4 d5 3. e5 Bf5 4. Nf3 e6 5. Be2 c5 6. Be3 Qb6 7. Nc3 Qxb2 8. Qb1 Qxb1+ 9. Rxb1 c4 10. Nb5 Na6 11. Kd2 Bb4+ 12. Rxb4 Nxb4 13. Nc7+ Kd7 14. Nxa8 Nxc2 15. Rb1 Nxe3 16. Rxb7+ Kc8 17. Rc7+ Kb8 18. fxe3 Kxa8 19. Rc8+ Kb7 20. Rf8 h6 21. Rxf7+ Kc6 22. Rf8 g5 23. Bd1 Kd7 24. Ba4+ Ke7 25. Ra8 Kf7 26. Rxa7+ Ne7 27. Bb5 Rb8 28. a4 Kf8 29. h4 g4 30. Ng1 Be4 31. g3 Nf5 32. Ne2 Bf3 33. Nf4 Nxg3 34. Nxe6+ Kg8 35. Rg7+ Kh8 36. Rg6 Ne4+ 37. Kc2 g3 38. Rxh6+ Kg8 39. Nf4 g2 40. Rg6+ Kf8 41. Nxg2 Bxg2 42. Rxg2 Kf7 43. Rg4 c3 44. h5 Rh8 45. Rxe4 dxe4 46. Kxc3 Rxh5 47. a5 Rh3 48. a6 Rxe3+ 49. Kb4 Rh3 50. a7 Rh8 51. Bc6 e3 52. Kc3 e2 53. Kd2 Ke6 54. a8=Q 1-0


[Site "https://www.chess.com"]

[Event "Titled Tuesday Blitz June 20 Early 2023"]
[White "Korchmar, Vasiliy"]
[Black "Balla, Tamas-Kristof"]
[WhiteFideId "24131750"]
[BlackFideId "1208497"]
[WhiteElo "2370"]
[BlackElo "2334"]
[Result "1-0"]
[Round "7"]
[TimeControl "180+2"]
[Date "2023.06.20"]
[WhiteClock "0:00:58"]
[BlackClock "0:00:39"]
[Board "127"]

1. e4 c5 2. Nf3 Nc6 3. d4 cxd4 4. Nxd4 e5 5. Nb5 d6 6. c4 Be7 7. Bd3 a6 8. N5c3 Bg5 9. O-O Bxc1 10. Qxc1 Nge7 11. Nd5 O-O 12. Nbc3 Nd4 13. Qe3 f5 14. f4 fxe4 15. Bxe4 Nef5 16. Qd3 Be6 17. Rae1 Rc8 18. b3 h6 19. Rf2 Qh4 20. Ref1 Nc6 21. g3 Qd8 22. Qb1 Nfd4 23. f5 Bxd5 24. Nxd5 Ne7 25. f6 Nxd5 26. Bxd5+ Kh8 27. fxg7+ Kxg7 28. Rf7+ 1-0


[Site "https://www.chess.com"]

[Event "Titled Tuesday Blitz June 20 Early 2023"]
[White "Gubajdullin, Alexei"]
[Black "Matveeva, Olga"]
[WhiteFideId "4141202"]
[BlackFideId "24107018"]
[WhiteElo "2279"]
[BlackElo "2009"]
[Result "1-0"]
[Round "7"]
[TimeControl "180+2"]
[Date "2023.06.20"]
[WhiteClock "0:00:21"]
[BlackClock "0:00:00"]
[Board "128"]

1. d4 Nf6 2. Nf3 e6 3. Bf4 d5 4. e3 Bd6 5. Bg3 O-O 6. Nbd2 c5 7. c3 Nc6 8. Ne5 Qc7 9. f4 cxd4 10. exd4 Ne4 11. Nxe4 dxe4 12. Qd2 f6 13. Nc4 f5 14. Nxd6 Qxd6 15. O-O-O Bd7 16. d5 exd5 17. Qxd5+ Qxd5 18. Rxd5 Be6 19. Rb5 b6 20. Bf2 Rac8 21. b3 Rfd8 22. Be2 Kf7 23. Rd1 g6 24. Kb2 Rxd1 25. Bxd1 Rd8 26. Kc1 Rd3 27. Be1 h5 28. Be2 Rd7 29. Bd2 Kf6 30. a4 Na5 31. Bd1 Rd3 32. Bc2 Rd7 33. c4 Nc6 34. Bc3+ Kf7 35. c5 bxc5 36. Rxc5 Nd4 37. Bxd4 Rxd4 38. Re5 Rd7 39. g3 Rc7 40. Kd2 Kf6 41. h4 Rd7+ 42. Kc1 Rc7 43. Kb2 Rd7 44. b4 Rd4 45. b5 Rd2 46. a5 Rd4 47. Ka3 Rc4 48. Rxe6+ 1-0


[Site "https://www.chess.com"]

[Event "Titled Tuesday Blitz June 20 Early 2023"]
[White "Carrasco Miranda, Andres"]
[Black "Arat, Ufuk Sezen"]
[WhiteFideId "3405990"]
[BlackFideId "6309089"]
[WhiteElo "2183"]
[BlackElo "2289"]
[Result "1/2-1/2"]
[Round "7"]
[TimeControl "180+2"]
[Date "2023.06.20"]
[WhiteClock "0:00:17"]
[BlackClock "0:00:37"]
[Board "129"]

1. d4 Nf6 2. c4 e6 3. g3 d5 4. Bg2 Be7 5. Nf3 O-O 6. O-O c6 7. Nbd2 b6 8. Qc2 Bb7 9. e4 dxe4 10. Nxe4 c5 11. Nxf6+ Bxf6 12. dxc5 bxc5 13. Rd1 Qb6 14. Be3 Nc6 15. Rab1 Rfd8 16. Rxd8+ Rxd8 17. a3 e5 18. Ng5 Bxg5 19. Bxg5 f6 20. Be3 Nd4 21. Bxd4 exd4 22. Bxb7 Qxb7 23. b4 cxb4 24. axb4 d3 25. Qd2 Qe4 26. c5 Re8 27. Rd1 Rd8 28. Qc3 d2 29. c6 Rd3 30. Qc5 Qe1+ 31. Kg2 Qxd1 32. Qc4+ Kf8 33. Qxd3 Qc1 34. c7 Qc6+ 35. f3 Qxc7 36. Qxd2 g5 37. Qd3 Kg7 38. h4 gxh4 39. gxh4 Qb6 40. Qe4 Qd6 41. Kh3 h5 42. Qb7+ Kh6 43. Qxa7 Qf4 44. Qb7 Qf5+ 45. Kg3 Qg6+ 46. Kf2 Qc2+ 47. Kg3 Qg6+ 48. Kf2 Qc2+ 49. Kg3 Qg6+ 1/2-1/2


[Site "https://www.chess.com"]

[Event "Titled Tuesday Blitz June 20 Early 2023"]
[White "i_like_explosions"]
[Black "Belov, Alexei"]
[BlackFideId "4128206"]
[WhiteElo "2399"]
[BlackElo "2563"]
[Result "1/2-1/2"]
[Round "7"]
[TimeControl "180+2"]
[Date "2023.06.20"]
[WhiteClock "0:00:16"]
[BlackClock "0:00:17"]
[Board "130"]

1. d4 e6 2. c4 d5 3. cxd5 exd5 4. Nc3 c6 5. Nf3 Bf5 6. Bg5 Be7 7. Bxe7 Qxe7 8. e3 Nd7 9. Bd3 Bxd3 10. Qxd3 Ngf6 11. O-O O-O 12. Rab1 a5 13. b3 Rfe8 14. Nd2 g6 15. h3 Nb6 16. Rfe1 Kg7 17. Nf1 Nc8 18. Ng3 Nd6 19. Na4 Nfe4 20. Nxe4 Nxe4 21. Nc3 f5 22. f3 Nxc3 23. Qxc3 Qb4 24. Qd3 Rad8 25. Rbd1 Re7 26. e4 dxe4 27. fxe4 Red7 28. exf5 Rxd4 29. Qf3 Rxd1 30. Rxd1 Qc5+ 31. Kh1 Rxd1+ 32. Qxd1 Qxf5 33. Qd4+ Kf7 34. Qb6 Qb5 35. Qc7+ Kg8 36. Qd8+ Kg7 37. Qe7+ Kh6 38. Qh4+ Qh5 39. Qf4+ Qg5 40. Qf8+ Kh5 41. Qf3+ Kh4 42. Qe4+ Kg3 43. Qf3+ Kh4 44. Qe4+ Kh5 45. Qf3+ Kh6 46. Qf8+ Kh5 47. Qf3+ 1/2-1/2


[Site "https://www.chess.com"]